 Dungeon Crawl Stone Soup version 0.30-a0-311-gf115ab0292 (webtiles) character file.

Game seed: 11982943848545801794

3299 themarg the Fighter (level 9, -1/90 HPs)
             Began as a Minotaur Fighter on Oct 26, 2022.
             Was an Elder of Lugonu.
             Slain by an orc warrior
             ... wielding a +0 trident
              (9 damage)
             ... on level 8 of the Dungeon.
             The game lasted 00:26:26 (6851 turns).

themarg the Fighter (Minotaur Fighter)              Turns: 6851, Time: 00:26:26

Health: -1/90      AC: 20    Str: 31    XL:     9   Next: 70%
Magic:  13/13      EV:  6    Int:  5    God:    Lugonu [****..]
Gold:   293        SH:  9    Dex: 10    Spells: 12/12 levels left

rFire   . . .      SeeInvis .    L - +0 flail
rCold   . . .      Faith    .    E - +0 kite shield
rNeg    . . .      Spirit   .    c - +0 plate armour
rPois   .          Reflect  .    z - +2 hat
rElec   .          Harm     .    (no cloak)
rCorr   .          Rampage  .    i - +0 pair of gloves
Will    .....                    s - +0 pair of boots
Stlth   ..........               (no amulet)
HPRegen 0.35/turn                t - +6 ring of strength
MPRegen 0.13/turn                A - +4 ring of protection

@: lethally poisoned (-1 -> -17), about to teleport
A: horns 2, retaliatory headbutt
a: Renounce Religion, Depart the Abyss, Banish, Corrupt


You were on level 8 of the Dungeon.
You worshipped Lugonu.
Lugonu was greatly pleased with you.
You visited 1 branch of the dungeon, and saw 8 of its levels.
You visited the Abyss 1 time.

You collected 356 gold pieces.
You spent 63 gold pieces at shops.

Inventory:

Hand Weapons
 a - a +0 war axe
 j - a +0 dagger of distortion
 L - a +0 flail (weapon)
Missiles
 b - 7 javelins
 g - 128 stones
 G - 13 poisoned darts (quivered)
 J - 3 boomerangs
Armour
 c - a +0 plate armour (worn)
 i - a +0 pair of gloves (worn)
 s - a +0 pair of boots (worn)
 z - a +2 hat (worn)
 E - a +0 kite shield (worn)
Jewellery
 e - a ring of wizardry
 o - a ring of magical power
 p - a ring of ice
 t - a +6 ring of strength (left hand)
 A - a +4 ring of protection (right hand)
 B - a ring of magical power
Wands
 v - a wand of flame (11)
 I - a wand of iceblast (6)
Scrolls
 k - a scroll of fear {unknown}
 l - 2 scrolls of teleportation
 m - a scroll of noise
 u - a scroll of magic mapping {unknown}
 w - a scroll of immolation {unknown}
 y - a scroll of identify
Potions
 d - 3 potions of ambrosia {unknown}
 f - 7 potions of curing
 h - a potion of attraction {unknown}
 n - 3 potions of mutation
 q - 2 potions of degeneration
 r - a potion of invisibility {unknown}
 x - a potion of berserk rage
 C - a potion of haste {unknown}
 D - 2 potions of lignification
 F - a potion of cancellation {unknown}
 H - a potion of flight {unknown}
 K - a potion of heal wounds {unknown}


   Skills:
 - Level 12.0 Fighting
 - Level 2.4 Axes
 - Level 5.0 Armour
 - Level 7.0 Shields
 - Level 2.4 Spellcasting
 + Level 6.9 Invocations


You had 12 spell levels left.
You didn't know any spells.
Your spell library contained the following spells:

 Spells                   Type           Power      Damage    Failure   Level
 Foxfire                  Conj/Fire      0%         2x1d4     100%        1
 Magic Dart               Conj           0%         1d3       100%        1
 Ensorcelled Hibernation  Hex/Ice        0%         N/A       100%        2
 Passwall                 Tmut/Erth      0%         N/A       100%        2
 Searing Ray              Conj           0%         2d4       100%        2
 Swiftness                Air            0%         N/A       100%        3
 Fulminant Prism          Conj/Hex       0%         3d6       100%        4
 Fireball                 Conj/Fire      0%         3d3       100%        5
 Starburst                Conj/Fire      0%         6d3       100%        6


Dungeon Overview and Level Annotations

Branches:
Dungeon (8/15)             Temple (0/1) D:5
   Lair: D:8-11

Altars:
Kikubaaqudgha
Makhleb
Xom
Zin

Shops:
D:4 [   D:8 (

Annotations:
D:5 3 runed translucent doors, exclusion: 3 doors, greasedhog's ghost, novice GrCA
D:8 exclusions: electric eel and 1 more exclusion, Amaemon


Innate Abilities, Weirdness & Mutations

You have a pair of horns on your head.
You reflexively headbutt those who attack you in melee.


Message History

a +0 dagger; a +0 leather armour; an orc corpse You hit the orc warrior but do no damage.
You headbutt the orc warrior, but do no damage.
You block the orc warrior's attack. You block something's attack.
You barely miss the orc warrior.
The orc warrior hits you with a +0 trident!
Something hits you but does no damage.
You are poisoned.
Something hits you but does no damage.
You are more poisoned.
The orc warrior hits you but does no damage.
You sock the orc warrior!
The orc warrior is moderately wounded.
You feel very sick. Something hits you but does no damage.
You are more poisoned.
The orc warrior hits you but does no damage.
You barely miss the orc warrior. Your headbutt misses the orc warrior.
The orc warrior is moderately wounded.
You feel very sick.
The orc warrior hits you but does no damage.
You hear some strange, mumbled words.
Something tries to affect you, but you resist.
You hear some strange, mumbled words.
A magic dart appears from out of thin air!
The magic dart hits you!
* * * LOW HITPOINT WARNING * * *
The orc warrior hits you but does no damage.
As you read the scroll of teleportation, it crumbles to dust.
You feel strangely unstable.
* * * LOW HITPOINT WARNING * * *
You feel very sick. The orc warrior barely misses you. You furiously retaliate!
You headbutt the orc warrior! You block something's attack.
Something hits you but does no damage.
You are lethally poisoned!
* * * LOW HITPOINT WARNING * * *
You feel very sick.
The orc warrior hits you from afar with a +0 trident!
You die...

##############
#..o)@........
#.#{###########
#....o..oo....o
#...∩..).##
#.......<#
##.#####..#
#..#...#.....
#..#.P≈#.##.#
#..#####.# ...


You could see an orc warrior.

Vanquished Creatures
  A hornet (D:7)
  A troll (D:8)
  2 steam dragons (D:7)
  Menkaure (D:5)
  A water moccasin (D:4)
  An acid dragon (D:8)
  3 black bears
  An orc warrior (D:6)
  A sky beast (D:7)
  An ogre (D:4)
  A centaur (D:6)
  A bullfrog (D:7)
  2 kobold brigands
  2 scorpions
  A necrophage (D:7)
  4 wights
  8 hounds
  3 jellies (D:7)
  7 orc priests
  A gnoll bouda (D:6)
  6 orc wizards
  2 iguanas (D:5)
  Robin (D:2)
  9 gnolls
  6 adders
  2 shadow imps
  A white imp (D:6)
  An ufetubus (D:5)
  2 dart slugs
  34 orcs
  9 endoplasms
  2 giant cockroaches
  15 goblins
  14 hobgoblins
  3 quokkas
  10 ball pythons
  4 bats
  3 frilled lizards
  15 kobolds
  4 rats (D:1)
186 creatures vanquished.

Vanquished Creatures (others)
  An orc (D:7)
1 creature vanquished.

Grand Total: 187 creatures vanquished

Notes
Turn   | Place    | Note
-------+----------+-------------------------------------------
     0 | D:1      | themarg the Minotaur Fighter began the quest for the Orb.
     0 | D:1      | Reached XP level 1. HP: 19/19 MP: 0/0
   128 | D:1      | Reached skill level 4 in Fighting
   164 | D:1      | Reached XP level 2. HP: 21/28 MP: 1/1
   335 | Abyss:1  | Cast into level 1 of the Abyss (goblin)
   337 | Abyss:1  | Found a corrupted altar of Lugonu.
   342 | Abyss:1  | Became a worshipper of Lugonu the Unformed
   342 | Abyss:1  | Reached * piety under Lugonu
   343 | D:1      | Escaped the Abyss
   584 | D:1      | Reached skill level 5 in Fighting
   736 | D:2      | Reached XP level 3. HP: 36/36 MP: 2/2
   842 | D:2      | Noticed Robin
   857 | D:2      | Killed Robin
   920 | D:2      | Reached skill level 6 in Fighting
   920 | D:2      | Reached XP level 4. HP: 44/44 MP: 3/3
  1105 | D:2      | Found a burning altar of Makhleb.
  1245 | D:3      | Found an ancient bone altar of Kikubaaqudgha.
  1260 | D:3      | Reached skill level 7 in Fighting
  1260 | D:3      | Reached XP level 5. HP: 48/52 MP: 4/4
  1293 | D:3      | Reached ** piety under Lugonu
  1352 | D:3      | Found a faded altar of an unknown god.
  1828 | D:4      | Reached skill level 8 in Fighting
  1845 | D:4      | Reached XP level 6. HP: 53/61 MP: 5/5
  1878 | D:4      | Found Zyky's Armour Shoppe.
  1897 | D:4      | Bought a +0 pair of boots for 63 gold pieces
  2008 | D:4      | Noticed a water moccasin
  2752 | D:5      | Entered Level 5 of the Dungeon
  2760 | D:5      | Noticed Menkaure
  2783 | D:4      | Killed a water moccasin
  2784 | D:4      | Reached skill level 9 in Fighting
  3057 | D:5      | Reached XP level 7. HP: 70/70 MP: 6/6
  3181 | D:5      | Found a shimmering altar of Xom.
  3277 | D:5      | Reached skill level 10 in Fighting
  3378 | D:5      | Found a runed translucent gate.
  3378 | D:5      | Found a runed translucent gate.
  3378 | D:5      | Found a runed translucent gate.
  3380 | D:5      | Noticed greasedhog's ghost (novice GrCA)
  3405 | D:5      | Killed Menkaure
  3406 | D:5      | Reached skill level 5 in Armour
  3484 | D:5      | Reached skill level 5 in Shields
  3591 | D:5      | Found a staircase to the Ecumenical Temple.
  3600 | D:5      | Reached skill level 1 in Invocations
  3839 | D:5      | Reached XP level 8. HP: 79/79 MP: 7/9
  4113 | D:6      | Reached *** piety under Lugonu
  4298 | D:6      | Reached skill level 5 in Invocations
  4368 | D:6      | Found a glowing silver altar of Zin.
  5176 | D:7      | Reached skill level 1 in Spellcasting
  5616 | D:7      | Reached XP level 9. HP: 86/86 MP: 11/11
  5754 | D:7      | Reached skill level 11 in Fighting
  6378 | D:8      | Reached **** piety under Lugonu
  6589 | D:8      | Noticed a troll
  6603 | D:8      | Killed a troll
  6722 | D:8      | Noticed Amaemon
  6722 | D:8      | Noticed an orange demon
  6808 | D:7      | Reached skill level 12 in Fighting
  6825 | D:8      | Found Yxiruwi's Hydra Hut.
  6827 | D:8      | Noticed an eight-headed hydra
  6851 | D:8      | Slain by an orc warrior

Illustrated notes

Levels and vault maps discovered:
D:1:      dpeg_arrival_three_smaller_balls, layout_basic
D:2:      layout_basic, basic_altar, minmay_misc_feat_square,
          minmay_misc_feat_chi, nicolae_titane, uniq_robin
D:3:      layout_rooms, mainiacjoe_overflow_boulevard,
          hellmonk_ecumenical_altar_pennies_from_heaven,
          chequers_serial_rivers_micro_e, kennysheep_generic_room_7
D:4:      layout_loops_ring, serial_shops, shop,
          amcnicky_mini_rare_corridor_liquid
D:5:      layout_gridville, mainiacjoe_overflow_alcove_4,
          minmay_temple_entry_junction, gammafunk_ghost_necromancy,
          uniq_menkaure
D:6:      layout_cave_pods, zin_treasury
D:7:      layout_loops_cross, hangedman_abyss_or_decor_slice
D:8:      layout_loops_ring, slow_altar_1, erik_lair_island,
          doesnt_shop_hydraphobe, uniq_amaemon, uniq_maurice

Skill      XL: |  1  2  3  4  5  6  7  8  9 |
---------------+----------------------------+-----
Fighting       | 4 5 6 7 8 9 10 12 | 12.0
Armour         | 5 |  5.0
Shields        | 5 6 7 |  7.0
Invocations    | 2 5 6 |  6.9
Spellcasting   | 2 |  2.4
Axes           | |  2.4

Action                   |  1- 3 |  4- 6 |  7- 9 || total
-------------------------+-------+-------+-------++-------
Melee: War axe           |    98 |   124 |    99 ||   321
       Headbutt          |    10 |    14 |    48 ||    72
       Flail             |       |       |   174 ||   174
Throw: Dart              |     2 |       |    10 ||    12
Invok: Depart the Abyss  |     1 |       |       ||     1
       Banish            |       |       |     2 ||     2
  Use: Scroll            |       |     5 |     3 ||     8
       Potion            |       |     1 |     1 ||     2
Armor: Scale mail        |    31 |       |       ||    31
       Ring mail         |    17 |    19 |       ||    36
       Chain mail        |       |    44 |    91 ||   135
       Plate armour      |       |       |   145 ||   145
Dodge: Dodged            |    38 |    49 |   102 ||   189
Block: Buckler           |    32 |    30 |    21 ||    83
       Kite shield       |       |       |   125 ||   125

Table legend: (Time is in decaauts)
 A = Elapsed time spent in this place.
 B = Non-inter-level travel time spent in this place.
 C = Inter-level travel time spent in this place.
 D = Time resting spent in this place.
 E = Time spent auto-exploring this place.
 F = Levels seen in this place.
 G = Mean time per level.
                   A        B        C        D        E       F      G
               +--------+--------+--------+--------+--------+-----+--------+
         Total |   7085 |   6661 |    424 |   1200 |   3842 |   9 |  787.2 |
       Dungeon |   7077 |   6653 |    424 |   1200 |   3842 |   8 |  884.6 |
         Abyss |      8 |      8 |      0 |      0 |      0 |   1 |    8.0 |
               +--------+--------+--------+--------+--------+-----+--------+

Top non-repeatable levels by time:
     D:6: 1481 daAuts
     D:4: 1260 daAuts
     D:7: 1080 daAuts
     D:5: 989 daAuts
     D:2: 632 daAuts
     D:1: 614 daAuts
     D:3: 535 daAuts
     D:8: 482 daAuts
 Abyss:1: 8 daAuts
